AoeStats
← 賴老師

Nomad

505893787Analyzed
4v4 RM · 20d ago on Sep 11, 2026· 53m 52s· 8 players
Game mode
Random Map
Map size
231×231
Population
200
Speed
Normal
Resources
Standard
Victory
Conquest
Starting age
Dark Age
Ending age
Imperial Age
RankedLock teamsTeams togetherTeam positionsShared explorationLock speedFull tech treeHidden civsTurbo modeCheats
Victory
Defeat
🇨🇦 Persians · Canada
1193
+13
🇪🇸 Bohemians · Spain
1166
+14
🇨🇳 Spanish · China
1163
+14
🇮🇹 Goths · Italy
1134
+14
🇹🇼 Dravidians · Taiwan
1130
-15
1115
-14
🇹🇼 Franks · Taiwan
1106
-13
🇷🇺 Vietnamese · Russia
1102
-13
Vtinglove
5:12 Loom
15:14 Feudal Age
20:09 Castle Age
18:32 Double-Bit Axe
18:54 Horse Collar
19:47 Padded Archer Armor
19:52 Fishing Lines
21:51 Leather Archer Armor
21:49 Bow Saw
22:49 Heavy Plow
25:02 Town Watch
28:14 Gillnets
30:15 Wheelbarrow
30:50 Stone Mining
30:50 Gold Mining
31:56 Hand Cart
32:51 Husbandry
33:01 Bloodlines
35:51 Imperial Age
33:30 Scale Barding Armor
33:42 Forging
36:13 Chain Barding Armor
36:29 Iron Casting
36:40 Stone Shaft Mining
36:06 Cavalier
37:33 Plate Barding Armor
37:29 Conscription
38:14 Two-Man Saw
37:48 Paladin
38:52 Caravan
43:08 Inquisition
42:37 Light Cavalry
43:53 Clinker Construction
45:01 Blast Furnace
45:29 Hussar
47:55 Carvel Hull
48:40 Chemistry
49:04 Ring Archer Armor
48:26 Fletching
49:35 Fortified Wall
MLT | Bombad Gastald
4:12 Loom
14:13 Feudal Age
17:53 Castle Age
17:54 Forging
17:48 Scale Mail Armor
18:01 Double-Bit Axe
32:28 Fletching
37:33 Bow Saw
37:05 Horse Collar
39:38 Pikeman
Testing_123
8:47 Loom
15:06 Feudal Age
21:11 Castle Age
22:54 Pikeman
33:48 Fletching
47:02 Squires
49:35 Medium Warships
49:28 Double-Bit Axe
53:46 Wheelbarrow
54:07 Kamandaran
diegosgdm
6:10 Loom
14:59 Feudal Age
19:34 Castle Age
18:05 Double-Bit Axe
18:06 Horse Collar
19:16 Fishing Lines
23:03 Bow Saw
23:01 Heavy Plow
24:26 Wheelbarrow
25:51 Hand Cart
27:06 Gillnets
35:04 Imperial Age
34:14 Chemistry
33:23 Squires
33:18 Fletching
34:55 Pikeman
35:21 Arson
36:07 Bombard Tower
36:08 Ballistics
37:17 Two-Man Saw
36:21 Scale Mail Armor
36:15 Halberdier
36:25 Elite Skirmisher
38:09 Murder Holes
38:26 Masonry
40:38 Forging
40:44 Chain Mail Armor
40:34 Houfnice
41:25 Wagenburg Tactics
41:41 Conscription
43:12 Bodkin Arrow
43:53 Iron Casting
44:37 Architecture
44:13 Siege Engineers
45:28 Fortified Wall
47:35 Bracer
48:36 Blast Furnace
48:07 Plate Mail Armor
47:38 Padded Archer Armor
摩爾證券投顧 郭哲榮
3:44 Loom
14:31 Feudal Age
15:02 Town Watch
15:28 Double-Bit Axe
16:51 Wheelbarrow
17:52 Stone Mining
20:37 Castle Age
19:39 Fishing Lines
20:20 Gold Mining
YanG_
4:38 Loom
12:45 Feudal Age
14:48 Double-Bit Axe
16:09 Horse Collar
16:53 Fletching
18:37 Padded Archer Armor
24:34 Castle Age
22:40 Gold Mining
24:37 Crossbowman
25:35 Bodkin Arrow
25:56 Leather Archer Armor
30:48 Ballistics
30:48 Thumb Ring
32:36 Wheelbarrow
34:05 Hand Cart
40:11 Imperial Age
41:10 Arbalester
41:54 Bracer
44:33 Chemistry
46:03 Guard Tower
45:50 Pikeman
46:55 Squires
47:55 Halberdier
51:29 Scale Mail Armor
51:40 Forging
賴老師
5:37 Loom
13:39 Feudal Age
14:07 Town Watch
15:23 Double-Bit Axe
18:00 Castle Age
16:38 Forging
19:02 Scale Barding Armor
21:04 Chain Barding Armor
24:08 Wheelbarrow
23:28 Gold Mining
26:17 Husbandry
30:57 Gold Shaft Mining
34:01 Imperial Age
31:50 Hand Cart
33:35 Iron Casting
34:09 Cavalier
35:25 Plate Barding Armor
40:19 Paladin
45:58 Blast Furnace
48:31 Pikeman
49:12 Squires
49:34 Masonry
51:54 Scale Mail Armor
51:43 Halberdier
超級猛雷
4:23 Loom
15:56 Feudal Age
16:26 Double-Bit Axe
16:41 Arson
19:35 Bloodlines
23:44 Castle Age
23:00 Horse Collar
24:48 Gold Mining
24:48 Stone Mining
25:26 Bow Saw
24:39 Light Cavalry
26:08 Husbandry
30:38 Scale Barding Armor
30:57 Forging
33:57 Iron Casting
34:11 Chain Barding Armor
35:25 Wheelbarrow
38:58 Hand Cart
39:35 Town Watch
43:06 Pikeman
43:47 Squires
43:52 Scale Mail Armor
46:34 Imperial Age
44:52 Chain Mail Armor
46:38 Heavy Plow
Connection lost

Rejoining the realm…

Still unreachable

The connection could not be restored.

Session expired

The server has moved on; the page needs a fresh start.